 BcadrenCrawl: Boulder Brew version 0.05.4-26-g64af7a5273 (webtiles) character file.

Game seed: 309359714507775633, levelgen mode: deterministic

407 emperorscorpion the Ducker (level 6, -7/51 HPs) Minotaur Demonspawn. Began on Dec 21, 2021. Mangled by a crocodile (15 damage) ... on level 2 of the Dungeon. The game lasted 00:06:56 (1070 turns).

emperorscorpion the Ducker (Minotaur Demonspawn)    Turns: 1070, Time: 00:06:57

Health: -7/51      AC:  9    Str: 16    XL:     6 ^: 151
Magic:  7/7        EV: 21    Int: 16    God:
Gold:   61         SH:  0    Dex: 21    Spells: 7/8 levels left

rFire    + . .     Vision   .   a - +0 morningstar
rCold    x . .     Gourm    .   k - +12 Vampire's Tooth {vamp}
rNeg     + . .     Faith    .   b - +0 leather armour
rCorr    + . .     Spirit   .   (helmet restricted)
rPois    +         Reflect  .   (no cloak)
rElec    +         Harm     .   (no gloves)
MR       .....     Clarity  +   o - +0 pair of boots
Stlth    +++.......             j - amulet "Hisih" {Chaos Int+3}
HPRegen  0.27/turn              p - ring of protection
MPRegen  0.17/turn              (no ring)

@: agile
A: horns, retaliatory headbutt 2, clarity, powered by pain 2, STR -2, INT +4,
DEX +4
a: no special abilities


You were on level 2 of the Dungeon.
You were not hungry.

You visited 1 branch of the dungeon, and saw 2 of its levels.

You collected 61 gold pieces.

Inventory:

Weapons
 a - a +0 morningstar (weapon)
 h - a +0 whip
 k - the +12 Vampire's Tooth (weapon) {vamp}
   (You acquired it on level 1 of the Dungeon)

   It inflicts no extra harm, but heals its wielder when it wounds a living foe.
Armour
 b - a +0 leather armour (worn)
 l - a cursed +0 scale mail {(Curse: *Slow)}
 o - a +0 pair of boots (worn)
Jewellery
 j - the amulet "Hisih" (around neck) {Chaos Int+3}
   (You acquired it on level 1 of the Dungeon)

   [amulet of chaos]

   It infuses your magic with chaos; buffing its maximum damage and randomizing
   its effects.
   Additionally it randomly provides additional protection from elemental
   components of attacks.
   It affects your intelligence (+3).
 p - a ring of protection (left hand)
 q - a cursed ring of wizardry {(Curse: MR-)}
Wands
 g - a wand of enslavement (1)
Scrolls
 c - a scroll of fog
 e - a scroll of fear
 i - a scroll of bless item
 m - a scroll of teleportation
 s - a scroll of enchantment
Potions
 n - a potion of curing
 r - a potion of amnesia
Comestibles
 d - a ration
 f - 4 chunks of flesh


   Skills:
 + Level 3.0 Fighting
 + Level 1.2 Short Blades
 - Level 2.6 Maces & Staves
 + Level 2.7 Armour
 + Level 5.0 Dodging
 + Level 2.1 Stealth
 + Level 1.5 Spellcasting
 + Level 2.1 Fire Magic
   Level 2.6 Invocations


You had 7 spell levels left.
You knew the following spells:

 Your Spells              Type           Power        Failure   Level  Hunger
a - Lick                  Fire           8 (30)       10%         1    16-36

Your spell library contained the following spells:

 Spells                   Type           Power        Failure   Level  Hunger
 Slow Hex 1 (100) 24% 1 16-36 Random Cloud Fire 8 (100) 28% 3 96-156 Blink Tloc N/A 34% 2 56-96 Call Imp Summ 1 (100) 34% 2 56-96 Chaotic Cloudburst Pois/Air       1 (100)      56%         3    96-156


Dungeon Overview and Level Annotations

Branches:
Dungeon (2/8)

Altars:


Innate Abilities, Weirdness & Mutations

You reflexively attack those that strike you in melee with your horns.
You sometimes gain power by taking damage.
You possess an exceptional clarity of mind.
You are weak, very clever and very agile. (STR -2, INT +4, DEX +4)


Message History

You draw strength from its wounds (4).
The crocodile is moderately wounded. (18/27) HP The crocodile bites you (3).
The crocodile bites you but does no damage.
You hit the crocodile (2). You puncture the crocodile (8)!
You draw strength from its wounds (8)!
You headbutt the crocodile, but do no damage.
The crocodile is severely wounded. (8/27) HP The crocodile bites you but does no damage.
The crocodile bites you (12)! The crocodile bites you (10)!
* * * LOW HITPOINT WARNING * * *
You barely miss the crocodile. You hit the crocodile (2).
You draw strength from its wounds (2).
You headbutt the crocodile (1).
The crocodile is almost dead. (5/27) HP The crocodile bites you (10)!
* * * LOW HITPOINT WARNING * * *
You focus on the pain.
You feel more agile all of a sudden. The crocodile bites you (15)!
You die...

##.###.≈##....≈≈≈...#
##≈≈≈#.#≈#...≈;≈≈≈##≈#
..##.#≈#≈#≈#.≈≈≈≈≈##≈#
..##≈≈.#.###.≈≈≈≈≈#P..
..≈######≈.#.≈≈≈≈≈.#
.....## ##.≈≈≈≈≈≈≈#≈≈
.....≈# #≈.#≈≈≈≈≈≈# .
b....≈# ####≈≈≈≈t.#
...≈.## #....@.#
....### #≈≈.≈†.#
†....≈##≈###≈≈÷≈≈.#
....†.≈.≈.#..≈≈≈.≈#
.....≈#≈##≈..≈≈≈≈)#
.....#####.#.≈≈≈≈.#
.....≈.≈#≈##.≈≈≈≈..
........#≈ .≈≈≈≈≈≈.≈
.......≈#


You could see a crocodile and a neutral slimehead (wandering) (passive).

Vanquished Creatures
  Ijyb (D:2)
  A big kobold (D:2)
  A jelly (D:2)
  3 giant cockroaches
  An adder (D:2)
  11 sewer rats
  2 cinder newts
  2 worms (D:2)
  An ooze (D:2)
  2 leopard geckos
  A goblin (D:1)
  4 hobgoblins (D:1)
  8 kobolds
  3 ball pythons
  9 bats
  2 rats (D:1)
52 creatures vanquished.

Vanquished Creatures (others)
  2 sewer rats (D:2)
  A plant (D:1)
  A slimehead (D:2)
  62 withered plants (D:2)
66 creatures vanquished.

Grand Total: 118 creatures vanquished

Notes
Turn   | Place    | Note
-------+----------+-------------------------------------------
     0 | D:1      | emperorscorpion the Minotaur Demonspawn began the quest for
                  | the Orb.
     0 | D:1      | Reached XP level 1. HP: 16/16 MP: 1/1
    47 | D:1      | Reached skill level 4 in Dodging
    47 | D:1      | Gained mutation: You sometimes gain a little power by
                  | taking damage. [demonic ancestry]
    47 | D:1      | Reached XP level 2. HP: 23/23 MP: 3/3
   143 | D:1      | Reached XP level 3. HP: 26/28 MP: 4/4
   160 | D:1      | Identified a scroll of acquirement
   205 | D:1      | Found the +12 Vampire's Tooth {vamp}
   344 | D:1      | Gained mutation: You are weak, very clever and very agile.
                  | (STR -2, INT +4, DEX +4) [potion of mutation]
   345 | D:1      | Gained mutation: You possess an exceptional clarity of
                  | mind. [potion of mutation]
   365 | D:1      | Identified the +4 staff "Asudduwn" {shield, fire; rF+ Str+3
                  | +Vis} (You acquired it on level 1 of the Dungeon)
   365 | D:1      | Identified the amulet "Hisih" {Chaos Int+3} (You acquired
                  | it on level 1 of the Dungeon)
   742 | D:2      | Reached XP level 4. HP: 12/36 MP: 1/5
   756 | D:1      | Reached skill level 1 in Armour
   851 | D:2      | Reached XP level 5. HP: 41/41 MP: 6/6
   964 | D:2      | Noticed Ijyb
   970 | D:2      | Killed Ijyb
   970 | D:2      | Gained mutation: You sometimes gain power by taking damage.
                  | [demonic ancestry]
   970 | D:2      | Reached XP level 6. HP: 46/50 MP: 7/7
   988 | D:2      | Reached skill level 1 in Short Blades
  1046 | D:2      | Reached skill level 5 in Dodging
  1070 | D:2      | Mangled by a crocodile

Levels and vault maps discovered:
D:1:      onia_arrival_pyramid, layout_basic, minivault_25, serial_bayou_pond_c
D:2:      layout_sewer, first_ration, chequers_serial_rivers_micro_c, uniq_ijyb

Skill      XL: |  1  2  3  4  5  6 |
---------------+-------------------+-----
Dodging        | 4 5 |  5.0
Armour         | 1 2 |  2.7
Fighting       | 2 3 |  3.0
Stealth        | 2 |  2.1
Fire Magic     | 2 |  2.1
Short Blades   | 1 |  1.2
Maces & Staves | |  2.6
Spellcasting   | |  1.5
Invocations    | |  2.6

Action                   |  1- 3 |  4- 6 || total
-------------------------+-------+-------++-------
Melee: Morningstar       |    20 |    54 ||    74
       Unarmed           |     3 |       ||     3
       Headbutt          |     2 |    12 ||    14
       Whip              |     5 |       ||     5
       Tanto             |     2 |    40 ||    42
 Cast: Lick              |     7 |       ||     7
  Use: Potion            |     2 |     1 ||     3
       Scroll            |     2 |       ||     2
 Stab: Sleeping          |       |     1 ||     1
  Eat: Ration            |     1 |       ||     1
       Chunk             |       |     2 ||     2
Armor: Leather armour    |    21 |    40 ||    61
Dodge: Dodged            |    21 |    60 ||    81
